 Dungeon Crawl Stone Soup version 0.30-a0-557-ge2afbf3030 (webtiles) character file.

Game seed: 3431132779885049435

100 IdlyInterested the Sneak (level 4, -3/34 HPs)
             Began as a Demonspawn Brigand on Dec 27, 2022.
             Killed from afar by Ijyb (8 damage)
             ... with a puff of flame
             ... on level 3 of the Dungeon.
             The game lasted 00:06:38 (2636 turns).

IdlyInterested the Sneak (Demonspawn Brigand)       Turns: 2636, Time: 00:06:38

Health: -3/34      AC: 12    Str: 11    XL:     4   Next: 46%
Magic:  4/4        EV: 10    Int: 12    God:
Gold:   130        SH:  0    Dex: 17    Spells: 3/3 levels left

rFire   . . .      SeeInvis .    q - +2 dagger (drain)
rCold   . . .      Faith    .    (no shield)
rNeg    . . .      Spirit   .    i - +0 ring mail
rPois   .          Reflect  .    (no helmet)
rElec   .          Harm     .    f - +0 cloak
rCorr   .          Rampage  .    (no gloves)
Will    +....                    (no boots)
Stlth   ++                       (no amulet)
HPRegen 0.25/turn                h - ring of willpower
MPRegen 0.09/turn                (no ring)

@: sanguine armoured, flying
A: sanguine armour 1
a: no special abilities


You were on level 3 of the Dungeon.
You visited 1 branch of the dungeon, and saw 3 of its levels.

You collected 130 gold pieces.

Inventory:

Hand Weapons
 a - a +2 dagger
 j - a +1 dagger of speed
 q - a +2 dagger of draining (weapon)
Missiles
 d - 19 poisoned darts
 e - 3 curare-tipped darts
 m - 29 stones (quivered)
Armour
 b - a +0 robe
 c - a +0 cloak
 f - a +0 cloak (worn)
 i - a +0 ring mail (worn)
Jewellery
 h - a ring of willpower (left hand)
Scrolls
 k - a scroll of acquirement {unknown}
Potions
 g - 2 potions of flight
 l - a potion of curing {unknown}
 n - a potion of lignification
 o - 2 potions of brilliance {unknown}
 p - a potion of cancellation
 r - a potion of attraction {unknown}


   Skills:
 * Level 2.6 Fighting
 - Level 1.7 Short Blades
 - Level 2.0 Throwing
 - Level 1.0 Armour
 - Level 1.0 Dodging
 + Level 5.0 Stealth
 * Level 0.4 Evocations


You had 3 spell levels left.
You didn't know any spells.
Your spell library contained the following spells:

 Spells                   Type           Power      Damage    Failure   Level
 Slow                     Hex            0%         N/A       61%         1
 Sting                    Tmut/Pois      0%         1d3       61%         1
 Poisonous Vapours        Pois/Air       0%         N/A       75%         2
 Confusing Touch          Hex            0%         N/A       93%         3
 Vampiric Draining        Necr           0%         2d6       93%         3
 Olgreb's Toxic Radiance  Pois           0%         N/A       100%        4


Dungeon Overview and Level Annotations

Branches:
Dungeon (3/15)

Altars:

Annotations:
D:3 Ijyb


Innate Abilities, Weirdness & Mutations

When seriously injured, your blood forms armour. (AC +6)


Message History

The hobgoblin shouts!
The hobgoblin hits you.
You closely miss the hobgoblin. The hobgoblin barely misses you.
You hit the hobgoblin but do no damage. You drain the hobgoblin.
The hobgoblin is severely wounded.
The hobgoblin hits you but does no damage.
You hit the hobgoblin but do no damage.
The hobgoblin is severely wounded.
The hobgoblin closely misses you.
You hit the hobgoblin.
You kill the hobgoblin!
You now have 130 gold pieces (gained 4).
r - a bubbling grey potion Ijyb the Twisted Goblin comes into view.
She is wielding a +0 dagger and carrying a wand of flame (24).
Ijyb shouts!
Ijyb zaps a wand.
The puff of flame hits you!
Ijyb zaps a wand.
The puff of flame hits you!
Your blood congeals into armour.
Okay, then.
You hit Ijyb but do no damage. Ijyb hits you with a +0 dagger.
* * * LOW HITPOINT WARNING * * *
You barely miss Ijyb. You hit Ijyb but do no damage. You drain Ijyb.
Ijyb is lightly wounded.
Ijyb hits you but does no damage.
You closely miss Ijyb.
Ijyb is lightly wounded.
Ijyb hits you with a +0 dagger.
* * * LOW HITPOINT WARNING * * *
You hit Ijyb. You drain Ijyb.
Ijyb is moderately wounded.
Ijyb hits you with a +0 dagger.
* * * LOW HITPOINT WARNING * * *
You closely miss Ijyb.
Ijyb is moderately wounded.
Ijyb zaps a wand.
The puff of flame hits you but does no damage.
It was a potion of flight.
You feel very buoyant.
You fly up into the air.
Ijyb zaps a wand.
The puff of flame hits you!
You die...

########### ..#..#........#.#
..........##..#..##########.#
..........#...#.............#
............#.##............#
..............#..#########.##
...........# #..# #.#
...........# #..# #.#
...........# #..# #.#
#######.#### #.@# #.#
####....##### #.g# #.#
.....)........#..# .#
###.#########.#..#
..............#..#
...############..# .## ...# .
##.#


You could see Ijyb (very drained).

Vanquished Creatures
  5 adders
  An orc (D:3)
  4 endoplasms
  A giant cockroach (D:1)
  9 goblins
  5 hobgoblins
  9 kobolds
  4 quokkas
  4 ball pythons
  4 bats
  2 frilled lizards (D:1)
  7 rats
55 creatures vanquished.

Vanquished Creatures (others)
  A fungus (D:1)
1 creature vanquished.

Grand Total: 56 creatures vanquished

Notes
Turn   | Place    | Note
-------+----------+-------------------------------------------
     0 | D:1      | IdlyInterested the Demonspawn Brigand began the quest for
                  | the Orb.
     0 | D:1      | Reached XP level 1. HP: 16/16 MP: 1/1
   182 | D:1      | Reached skill level 1 in Dodging
   405 | D:1      | Gained mutation: When seriously injured, your blood forms
                  | armour. (AC +6) [demonic ancestry]
   405 | D:1      | Reached XP level 2. HP: 22/22 MP: 2/2
   408 | D:1      | Reached skill level 4 in Stealth
  1326 | D:2      | Reached XP level 3. HP: 24/26 MP: 3/3
  1430 | D:2      | Found a faded altar of an unknown god.
  1930 | D:2      | Reached skill level 1 in Armour
  2164 | D:3      | Reached XP level 4. HP: 31/34 MP: 4/4
  2547 | D:3      | Reached skill level 5 in Stealth
  2624 | D:3      | Noticed Ijyb
  2636 | D:3      | Killed from afar by Ijyb

Illustrated notes

Levels and vault maps discovered:
D:1:      dpeg_cavernosity, layout_basic
D:2:      layout_loops_ring, basic_ecumenical_altar, grunt_ministairs_1
D:3:      layout_basic, overflow_temple_1_default, uniq_ijyb

Skill      XL: |  1  2  3  4 |
---------------+-------------+-----
Dodging        | 1 |  1.0
Stealth        | 4 5 |  5.0
Armour         | 1 |  1.0
Throwing       | 2 |  2.0
Fighting       | |  2.6
Short Blades   | |  1.7
Evocations     | |  0.4

Action                   |  1- 3 |  4- 6 || total
-------------------------+-------+-------++-------
Melee: Dagger            |   113 |    32 ||   145
       Punch             |     2 |       ||     2
  Use: Scroll            |     4 |     1 ||     5
       Potion            |       |     1 ||     1
 Stab: Sleeping          |     7 |     5 ||    12
       Distracted        |     2 |       ||     2
Armor: Ring mail         |    35 |     7 ||    42
       Robe              |     1 |       ||     1
Dodge: Dodged            |    54 |     7 ||    61

Table legend: (Time is in decaauts)
 A = Elapsed time spent in this place.
 B = Non-inter-level travel time spent in this place.
 C = Inter-level travel time spent in this place.
 D = Time resting spent in this place.
 E = Time spent auto-exploring this place.
 F = Levels seen in this place.
 G = Mean time per level.
                   A        B        C        D        E       F      G
               +--------+--------+--------+--------+--------+-----+--------+
         Total |   2625 |   2172 |    453 |     74 |   1522 |   3 |  875.0 |
       Dungeon |   2625 |   2172 |    453 |     74 |   1522 |   3 |  875.0 |
               +--------+--------+--------+--------+--------+-----+--------+

Top non-repeatable levels by time:
     D:1: 1385 daAuts
     D:2: 857 daAuts
     D:3: 382 daAuts
